 Dungeon Crawl Stone Soup version 0.30.0-17-ge0270778cf (webtiles) character file.

Game seed: 5641775387415870372

93 ripuliukko the Magician (level 4, -5/36 HPs)
             Began as a Deep Elf Earth Elementalist on May 21, 2023.
             Slain by an orc
             ... wielding a +1 heavy hand axe
              (12 damage)
             ... on level 3 of the Dungeon.
             The game lasted 00:01:58 (1559 turns).

ripuliukko the Magician (DEEE)                      Turns: 1559, Time: 00:01:59

Health: -5/36      AC:  2    Str:  5    XL:     4   Next: 37%
Magic:  8/12       EV: 13    Int: 22    God:
Gold:   113        SH:  0    Dex: 21    Spells: 11/12 levels left

rFire   . . .        (no weapon)
rCold   . . .        (no shield)
rNeg    . . .        a - +0 robe
rPois   .            (no helmet)
rElec   .            (no cloak)
rCorr   .            (no gloves)
SInv    .            (no boots)
Will    .....        (no amulet) Stlth
                     d - +6 ring of dexterity
HPRegen 0.26/turn    (no ring)
MPRegen 0.13/turn

%: no passive effects
@: berserking, very quick
A: no striking features
a: no special abilities


You were on level 3 of the Dungeon.
You visited 1 branch of the dungeon, and saw 3 of its levels.

You collected 113 gold pieces.

Inventory:

Armour
 a - a +0 robe (worn)
Jewellery
 d - a +6 ring of dexterity (left hand)
Potions
 b - a potion of magic
 c - a potion of flight {unknown}
 e - a potion of berserk rage
 f - a potion of resistance
 g - a potion of haste {unknown}
 i - a potion of cancellation {unknown}


   Skills:
 + Level 2.7 Dodging
 + Level 2.5 Stealth
 + Level 4.7 Spellcasting
 + Level 1.1 Transmutations
 + Level 4.6 Earth Magic


You had 11 spell levels left.
You knew the following spells:

 Your Spells              Type           Power      Damage    Failure   Level
a - Sandblast             Erth           50%        2d12      1%          1

Your spell library contained the following spells:

 Spells                   Type           Power      Damage    Failure   Level
 Passwall                 Tmut/Erth      14%        N/A       4%          2
 Stone Arrow              Conj/Erth      30%        3d8       12%         3
 Petrify                  Tmut/Erth      17%        N/A       32%         4


Dungeon Overview and Level Annotations

Branches:
Dungeon (3/15)

Altars:

Shops:
D:1 ([([!


Message History

The orc priest shouts!
You hear a shout! x2
An orc priest comes into view. It is wielding a +0 falchion.
Casting: Sandblast (safe; 1% risk of failure)
Confirm with . or Enter, or press ? or * to list all spells.
You don't know that spell.
Unknown command.
The blast of sand hits the orc priest!
The orc priest is almost dead.
The orc priest hits you with a +0 falchion.
The orc priest looks encouraged for a moment.
The orc priest mumbles some strange prayers to Beogh against you.
Beogh smites you!
Ouch! That really hurt!
* * * LOW HITPOINT WARNING * * *
Okay, then.
Casting: Sandblast (safe; 1% risk of failure)
Confirm with . or Enter, or press ? or * to list all spells.
Aiming: Sandblast (safe; 1% risk of failure)
Press: ? - help, Shift-Dir - straight line, f/p - orc priest
Aim: an orc priest, wielding a +0 falchion (almost dead, 83% to hit)
The blast of sand hits the orc priest!
You kill the orc priest!
An orc comes into view. It is wielding a +0 club.
You have reached level 4!
You feel clever.
It was a potion of berserk rage.
A red film seems to cover your vision as you go berserk!
You feel yourself moving faster!
You feel mighty! The orc priest closely misses you.
An orc comes into view. It is wielding a +1 heavy hand axe.
You punch the orc priest!
The orc priest is severely wounded.
Things that are here:
a +0 falchion; an orc corpse Unknown command.
You hit the orc priest.
The orc priest is severely wounded.
The orc priest closely misses you.
The orc hits you with a +1 heavy hand axe!
You die...

############
##.....#oo@o#
#.####.#.##.#
##.....# #.#
#....#####.#
#..........#
#....†######
#.....#
#####.# ..#


You could see an orc priest and 2 orcs.

Vanquished Creatures
  An orc priest (D:3)
  2 adders (D:2)
  A worm (D:3)
  A ball python (D:2)
  3 bats
  5 endoplasms
  A giant cockroach (D:3)
  7 goblins
  7 hobgoblins
  2 jackals (D:1)
  A quokka (D:2)
  3 frilled lizards
  7 kobolds
41 creatures vanquished.

Notes
Turn   | Place    | Note
-------+----------+-------------------------------------------
     0 | D:1      | ripuliukko the Deep Elf Earth Elementalist began the quest
                  | for the Orb.
     0 | D:1      | Reached XP level 1. HP: 10/10 MP: 6/6
     9 | D:1      | Found Songaer's Weapon Shoppe.
   129 | D:1      | Found Cod Omex's Distillery.
   191 | D:1      | Reached XP level 2. HP: 15/15 MP: 6/8
   265 | D:1      | Found Zeicloz's Antique Armour Boutique.
   384 | D:1      | Found Roent's Antique Armour Shop.
   818 | D:1      | Found Lapraov's Antique Weapon Shoppe.
   973 | D:2      | Reached XP level 3. HP: 19/19 MP: 7/10
  1556 | D:3      | Reached XP level 4. HP: 4/24 MP: 7/12
  1559 | D:3      | Slain by an orc

Illustrated notes

Levels and vault maps discovered:
D:1:      ncdulo_wetmaze, layout_basic, serial_shops, shop, shop,
          nicolae_shop_industrial_runoff, nicolae_shop_rolling_square,
          nicolae_shop_competitors_out_of_business, minivault_25
D:2:      layout_rooms, minmay_crystal_water, chequers_serial_rivers_small_b
D:3:      layout_basic, gup_sewer_entry_pipe

Skill      XL: |  1  2  3 |
---------------+----------+-----
Earth Magic    | 4 |  4.6
Spellcasting   | 4 |  4.7
Dodging        | |  2.7
Stealth        | |  2.5
Transmutations | |  1.1

Action                     |  1- 3 |  4- 6 || total
---------------------------+-------+-------++-------
  Melee: Unarmed           |       |     2 ||     2
   Cast: Sandblast         |    54 |       ||    54
    Use: Scroll            |     4 |       ||     4
         Potion            |       |     1 ||     1
 Armour: Robe              |     3 |       ||     3
  Dodge: Dodged            |    12 |     2 ||    14
